 Dungeon Crawl Stone Soup version 0.31-a0-662-g684573625c (webtiles) character file.

Game seed: 1567260285826456538

128 subawu the Conjurer (level 4, 0/33 HPs)
             Began as a Draconian Conjurer on Sept 1, 2023.
             Slain by an orc wizard
             ... wielding a +2 dagger of protection
              (4 damage)
             ... on level 3 of the Dungeon.
             The game lasted 00:08:48 (3032 turns).

subawu the Conjurer (Draconian Conjurer)            Turns: 3032, Time: 00:08:48

Health: 0/33       AC:  5    Str:  9    XL:     4   Next: 86%
Magic:  0/8        EV: 12    Int: 18    God:
Gold:   121        SH:  0    Dex: 12    Spells: 5/8 levels left

rFire   . . .        l - +1 dagger (speed)
rCold   . . .        (no shield)
rNeg    . . .        (body armour unavailable)
rPois   .            (helmet restricted)
rElec   .            (no cloak)
rCorr   .            (no gloves)
SInv    .            (no boots)
Will    .....        (no amulet)
Stlth   ++           (no ring)
HPRegen 0.25/turn    (no ring)
MPRegen 0.11/turn

%: no passive effects
@: very slightly contaminated
A: AC +5, unfitting armour, cold-blooded
a: no special abilities


You were on level 3 of the Dungeon.
You visited 1 branch of the dungeon, and saw 3 of its levels.

You collected 121 gold pieces.

Inventory:

Hand Weapons
 d - a +0 short sword
 i - the +10 falchion of Toph {heavy, Contam rElec rC+ Str+2}
   (You found it on level 2 of the Dungeon)

   Str+2:     It affects your strength (+2).
   rC+:       It protects you from cold.
   rElec:     It insulates you from electricity.
   Contam:    It causes magical contamination when unequipped.
 l - a +1 dagger of speed (weapon)
Missiles
 c - 4 curare-tipped darts
 e - 25 stones
Wands
 k - a wand of paralysis (11)
Scrolls
 b - a scroll of immolation
 f - 2 scrolls of identify
 g - a scroll of fog {unknown}
 j - a scroll of vulnerability {unknown}
 m - a scroll of enchant weapon {unknown}
 n - a scroll of acquirement {unknown}
Potions
 a - a potion of magic
 h - 2 potions of mutation {unknown}


   Skills:
 + Level 1.6(1.8) Short Blades
 + Level 0.8(1.3) Long Blades
 + Level 2.5 Dodging
 + Level 2.6 Stealth
 + Level 2.7 Spellcasting
 + Level 4.5 Conjurations


You had 5 spell levels left.
You knew the following spells:

 Your Spells              Type           Power      Damage    Failure   Level
a - Magic Dart            Conj           72%        1d6       2%          1
b - Searing Ray           Conj           36%        2d5       4%          2

Your spell library contained the following spells:

 Spells                   Type           Power      Damage    Failure   Level
 Kiss of Death            Conj/Necr      40%        2d8       7%          1
 Dazzling Flash           Conj/Hex       20%        N/A       21%         3
 Confusing Touch          Hex            2%         N/A       45%         3
 Gell's Gravitas          Tloc           2%         N/A       45%         3
 Teleport Other           Tloc           2%         N/A       45%         3
 Fulminant Prism          Conj/Hex       5%         3d7       54%         4
 Iskenderun's Mystic Bla  Conj/Tloc      10%        2d4       54%         4
 Dispel Undead            Necr           2%         3d7       86%         4
 Dispersal                Tloc           1%         N/A       100%        6


Dungeon Overview and Level Annotations

Branches:
Dungeon (3/15)

Altars:


Innate Abilities, Weirdness & Mutations

Your plain brown scales are hard. (AC +5)
You cannot fit into any form of body armour.
You are cold-blooded and may be slowed by cold attacks.


Message History

Aim: an orc, wielding a +0 morningstar (lightly wounded, 100% to hit)
The magic dart hits the orc.
The orc is heavily wounded.
The orc wizard gestures at you while chanting.
The puff of flame hits you! The orc hits you with a +0 morningstar.
You barely miss the orc.
Your tail-slap misses the orc.
The orc is heavily wounded.
The orc barely misses you.
You hit the orc. You tail-slap the orc.
You kill the orc!
Things that are here:
a +0 morningstar; a +0 dagger; a goblin corpse The orc wizard hits you but does no damage.
Things that are here:
a +0 morningstar; a +0 dagger; a goblin corpse You hit the orc wizard but do no damage.
The kobold hits you with a +0 short sword.
The orc wizard gestures at you while chanting.
The puff of flame hits you!
* * * LOW HITPOINT WARNING * * *
You hit the orc wizard.
The orc wizard is lightly wounded.
The kobold barely misses you.
Casting: Magic Dart (safe; 2% risk of failure)
Confirm with . or Enter, or press ? or * to list all spells.
Aiming: Magic Dart (safe; 2% risk of failure)
Press: ? - help, Shift-Dir - straight line, f - orc wizard
Aim: an orc wizard, wielding a +2 dagger of protection and wearing a +0 robe (lightly wounded, 100% to hit)
You miscast Magic Dart.
You are very lightly contaminated with residual magic.
Nothing appears to happen.
The orc wizard closely misses you. The kobold hits you but does no damage.
Casting: Magic Dart (safe; 2% risk of failure)
Confirm with . or Enter, or press ? or * to list all spells.
You don't have enough magic to cast this spell.
As you read the scroll labelled LAFAOMEADD, it crumbles to dust.
It is a scroll of identify.
b - a scroll of immolation The orc wizard hits you with a +2 dagger of protection.
You die...

# # # #
####################
######...................
.........###############.
........@# ########.
.......Ko+ .........
.........# .........
.?.....).# .........
......>..# ########)
.......... #. ...........
#. ######..... #. #.....#
#.


You could see an orc wizard and a kobold.

Vanquished Creatures
  Ijyb (D:3)
  3 adders (D:3)
  2 worms (D:2)
  2 dart slugs
  4 orcs (D:3)
  6 ball pythons
  6 bats
  2 endoplasms
  A giant cockroach (D:1)
  5 goblins
  5 hobgoblins
  3 jackals (D:1)
  4 quokkas
  3 frilled lizards
  8 kobolds
  5 rats
60 creatures vanquished.

Notes
Turn   | Place    | Note
-------+----------+-------------------------------------------
     0 | D:1      | subawu the Draconian Conjurer began the quest for the Orb.
     0 | D:1      | Reached XP level 1. HP: 14/14 MP: 3/3
   173 | D:1      | Reached XP level 2. HP: 20/20 MP: 3/5
   371 | D:1      | Learned a level 2 spell: Searing Ray
   843 | D:1      | You fall into a shaft and drop 1 floor!
  1010 | D:2      | Reached XP level 3. HP: 26/26 MP: 2/6
  1071 | D:2      | Reached skill level 1 in Short Blades
  1183 | D:2      | Found a faded altar of an unknown god.
  1641 | D:2      | Identified the +10 falchion of Toph {heavy, Contam rElec
                  | rC+ Str+2}
  2264 | D:3      | Noticed Ijyb
  2266 | D:3      | Paralysed by Ijyb for 4 turns
  2275 | D:3      | Killed Ijyb
  2276 | D:3      | Reached XP level 4. HP: 19/33 MP: 1/7
  3032 | D:3      | Slain by an orc wizard

Illustrated notes

Levels and vault maps discovered:
D:1:      erik_arrival_blinker_ship, layout_basic
D:2:      layout_basic, ebering_ecumenical_altar_sacrificial,
          minmay_pentomino_u4
D:3:      layout_basic, kennysheep_minor_cross, minmay_strange_pillars,
          roderic_serpentine_path, minmay_misc_feat_secret_circle,
          lightli_corner_chamber, uniq_ijyb

Skill      XL: |  1  2  3 |
---------------+----------+-----
Stealth        | 2 |  2.6
Dodging        | 2 |  2.5
Short Blades   | 1 |  1.6
Long Blades    | |  0.8
Spellcasting   | |  2.7
Conjurations   | |  4.5

Action                     |  1- 3 |  4- 6 || total
---------------------------+-------+-------++-------
  Melee: Short sword       |   125 |       ||   125
         Tailslap          |    19 |     6 ||    25
         Unarmed           |     5 |       ||     5
         Punch             |     3 |       ||     3
         Dagger            |       |    62 ||    62
   Cast: Magic Dart        |    30 |    10 ||    40
         Searing Ray       |     7 |     4 ||    11
    Use: Scroll            |       |     1 ||     1
 Armour: Skin              |   102 |    37 ||   139
  Dodge: Dodged            |   134 |    39 ||   173

Table legend: (Time is in decaauts)
 A = Elapsed time spent in this place.
 B = Non-inter-level travel time spent in this place.
 C = Inter-level travel time spent in this place.
 D = Time resting spent in this place.
 E = Time spent auto-exploring this place.
 F = Levels seen in this place.
 G = Mean time per level.
                   A        B        C        D        E       F      G
               +--------+--------+--------+--------+--------+-----+--------+
         Total |   3002 |   2901 |    101 |    203 |   1972 |   3 | 1000.7 |
       Dungeon |   3002 |   2901 |    101 |    203 |   1972 |   3 | 1000.7 |
               +--------+--------+--------+--------+--------+-----+--------+

Top non-repeatable levels by time:
     D:2: 1244 daAuts
     D:1: 976 daAuts
     D:3: 781 daAuts
